Map: [ESL] Royal Blood

Players

PtitDrogo

  • Race: Protoss Protoss
  • Spawn Location: 1:00

Creator - Winner!

  • Race: Protoss Protoss
  • Spawn Location: 7:00

Event: ESL SC2 Masters 2023 Summer (Finals)

VOD

Have the link to the VOD?

Description

Time

  • Played on: June 16, 2023, 12:41 p.m.
  • Length: 14:06

All games in this series

Show
View Real Time Build Order
Export as new Build Order

PtitDrogo Protoss 

Build Orders: Blink Stalkers 

Get SALT Encoding   

  12  0:00  Probe  
  13  0:12  Probe  
  14  0:17  Pylon  
  14  0:24  Probe (Chrono Boost)  
  15  0:36  Probe (Chrono Boost), Gateway  
  16  0:45  Probe (Chrono Boost)  
  16  0:46  Assimilator  
  17  0:51  Probe  
  17  0:54  Assimilator  
  18  1:03  Probe (Chrono Boost)  
  19  1:07  Gateway  
  19  1:13  Probe (Chrono Boost)  
  19  1:18  Probe (Chrono Boost)  
  20  1:23  Cybernetics Core  
  21  1:29  Probe  
  22  1:35  Pylon  
  22  1:41  Probe  
  23  1:53  Probe  
  24  1:57  Warp Gate (Chrono Boost)  
  24  2:00  Stalker  
  28  2:04  Sentry  
  28  2:06  Probe  
  29  2:13  Pylon  
  29  2:18  Probe  
  30  2:23  Pylon  
  30  2:30  Probe, Stalker  
  32  2:48  Nexus  
  32  2:51  Probe  
  32  2:57  Shield Battery  
  33  3:03  Probe  
  33  3:05  Sentry x2  
  38  3:15  Probe  
  38  3:18  Pylon  
  39  3:25  Twilight Council  
  39  3:36  Probe  
  39  3:39  Stalker x2  
  44  3:48  Probe (Chrono Boost)  
  45  3:57  Blink (Chrono Boost)  
  45  4:00  Probe (Chrono Boost)  
  47  4:03  Probe (Chrono Boost)  
  47  4:09  Probe (Chrono Boost), Adept  
  51  4:10  Probe (Chrono Boost)  
  51  4:12  Adept  
  51  4:17  Probe  
  53  4:18  Probe  
  55  4:29  Probe  
  55  4:30  Probe  
  57  4:33  Stalker x2  
  57  4:34  Pylon  
  61  4:41  Probe  
  62  4:50  Nexus  
  62  4:52  Probe  
  63  4:58  Stalker  
  65  5:00  Stalker  
  65  5:01  Probe  
  68  5:07  Probe, Pylon  
  68  5:10  Forge  
  69  5:15  Probe  
  69  5:16  Pylon  
  70  5:25  Probe, Assimilator  
  71  5:28  Stalker  
  71  5:29  Stalker  
  71  5:33  Probe  
  76  5:37  Probe  
  76  5:40  Protoss Ground Weapons Level 1 (Chrono Boost)  
  77  5:43  Robotics Facility  
  77  5:45  Probe  
  77  5:49  Probe  
  79  5:54  Charge  
  79  5:58  Probe (Chrono Boost)  
  81  6:04  Probe (Chrono Boost)  
  81  6:05  Probe (Chrono Boost)  
  83  6:11  Gateway x2  
  83  6:14  Probe (Chrono Boost)  
  83  6:15  Probe (Chrono Boost)  
  85  6:19  Probe (Chrono Boost), Assimilator x2  
  85  6:22  Probe (Chrono Boost)  
  85  6:25  Probe (Chrono Boost)  
  87  6:27  Gateway x2  
  87  6:29  Probe x2 (Chrono Boost)  
  87  6:32  Probe (Chrono Boost), Observer  
  91  6:35  Probe  
  91  6:38  Probe  
  93  6:43  Probe  
  94  6:47  Probe  
  94  6:48  Shield Battery  
  94  6:50  Probe, Stalker x2  
  100  6:55  Probe  
  101  7:04  Pylon  
  101  7:05  Assimilator  
  101  7:08  Gateway  
  101  7:09  Gateway  
  101  7:11  Nexus, Gateway  
  101  7:12  Pylon  
  101  7:21  Pylon  
  101  7:22  Probe  
  102  7:25  Zealot x3  
  102  7:28  Pylon, Templar Archives  
  102  7:29  Pylon  
  108  7:31  Pylon  
  108  7:34  Shield Battery  
  108  7:35  Photon Cannon  
  108  7:37  Pylon  
  102  8:00  Pylon  
  97  8:06  Stalker x4  
  97  8:10  Probe  
  99  8:14  Pylon  
  99  8:15  Probe  
  99  8:18  Probe  
  99  8:22  Probe  
  99  8:23  Protoss Ground Weapons Level 2 (Chrono Boost)  
  101  8:27  Probe  
  101  8:30  Probe, Photon Cannon  
  101  8:31  Probe  
  103  8:34  Probe  
  103  8:37  Pylon  
  103  8:39  Probe  
  105  8:42  Probe  
  105  8:43  Probe  
  105  8:46  Probe  
  102  8:49  High Templar x5  
  102  8:50  High Templar, Zealot  
  102  8:51  Probe  
  102  8:54  Probe  
  102  8:55  Archon x3  
  117  8:56  Probe  
  117  8:59  Probe  
  119  9:03  Probe  
  119  9:06  Probe  
  119  9:08  Probe  
  119  9:09  Photon Cannon  
  122  9:11  Probe  
  122  9:14  High Templar x2, Zealot  
  122  9:15  Probe  
  130  9:17  Pylon  
  130  9:20  Archon  
  128  9:30  Probe  
  128  9:31  Probe  
  130  9:33  Pylon  
  130  9:35  Robotics Bay, Assimilator  
  130  9:37  Assimilator  
  130  9:38  Robotics Facility  
  130  9:48  High Templar x2  
  130  9:49  Zealot x7  
  146  9:53  Pylon  
  146  9:55  Archon  
  146  9:58  Pylon, Photon Cannon  
  146  10:01  Photon Cannon  
  146  10:04  Photon Cannon  
  146  10:07  Pylon, Photon Cannon  
  146  10:17  Observer (Chrono Boost)  
  146  10:20  Zealot x7  
  128  10:30  Probe x2  
  128  10:31  Probe, Protoss Ground Weapons Level 3 (Chrono Boost)  
  128  10:35  Disruptor x2 (Chrono Boost)  
  137  10:44  Probe x2  
  137  10:45  Probe x2  
  137  10:48  Photon Cannon  
  141  10:50  Pylon  
  141  10:56  Probe  
  142  10:57  Probe  
  142  11:03  Disruptor x2 (Chrono Boost)  
  145  11:11  Probe  
  145  11:13  Shield Battery  
  145  11:16  Probe, Photon Cannon  
  147  11:21  Probe  
  140  11:35  Disruptor x2 (Chrono Boost)  
  140  11:36  Nexus  
  140  11:37  Pylon, Robotics Facility  
  140  11:38  Stalker x6  
  149  11:55  Stalker x2  
  149  11:56  Stalker  
  149  12:01  Immortal  
  159  12:02  Nexus  
  159  12:03  Pylon  
  159  12:06  Photon Cannon  
  159  12:07  Photon Cannon  
  155  12:08  Photon Cannon  
  155  12:09  Shield Battery  
  147  12:20  Probe  
  147  12:22  Stargate  
  139  12:32  Shield Battery  
  139  12:34  Pylon  
  139  12:36  Pylon  
  139  12:38  Photon Cannon  
  139  12:44  Nexus  
  136  12:47  Disruptor x3 (Chrono Boost)  
  145  12:52  Probe  
  145  12:53  Probe x2  
  148  13:01  Photon Cannon  
  148  13:03  Shield Battery  
  148  13:04  Probe  
  148  13:05  Probe  
  148  13:14  Zealot x5  
  156  13:23  Probe  
  157  13:28  Probe  
  140  13:36  Stalker x3  
  140  13:37  Zealot x3, Stalker  
  113  13:59  Stalker x6  
Show
View Real Time Build Order
Export as new Build Order

Creator Protoss - Winner!

Build Orders: Blink Stalkers 

Get SALT Encoding   

  12  0:00  Probe  
  13  0:12  Probe  
  14  0:16  Pylon  
  14  0:24  Probe (Chrono Boost)  
  15  0:36  Probe (Chrono Boost), Gateway  
  16  0:43  Probe (Chrono Boost)  
  16  0:45  Assimilator  
  17  0:51  Probe  
  18  0:58  Assimilator  
  18  1:03  Probe (Chrono Boost)  
  19  1:07  Gateway  
  19  1:12  Probe (Chrono Boost)  
  19  1:17  Probe (Chrono Boost)  
  20  1:23  Cybernetics Core  
  21  1:29  Probe  
  22  1:34  Pylon  
  22  1:41  Probe  
  23  1:53  Probe  
  24  2:00  Warp Gate, Stalker x2  
  28  2:08  Pylon  
  28  2:24  Pylon  
  28  2:30  Sentry  
  28  2:31  Sentry  
  32  2:42  Nexus  
  32  2:45  Probe  
  33  2:53  Shield Battery  
  33  2:54  Sentry  
  35  2:58  Probe  
  36  3:06  Pylon  
  36  3:11  Stalker  
  38  3:13  Probe (Chrono Boost)  
  39  3:22  Twilight Council  
  39  3:25  Probe (Chrono Boost)  
  41  3:34  Probe (Chrono Boost), Forge  
  41  3:40  Probe  
  42  3:53  Blink (Chrono Boost)  
  42  3:55  Probe (Chrono Boost)  
  44  3:56  Probe (Chrono Boost)  
  44  4:05  Probe (Chrono Boost)  
  44  4:07  Probe (Chrono Boost), Stalker  
  44  4:09  Protoss Ground Weapons Level 1 (Chrono Boost)  
  48  4:10  Probe (Chrono Boost)  
  48  4:16  Probe  
  50  4:22  Probe  
  51  4:27  Stalker  
  51  4:28  Probe  
  51  4:29  Pylon  
  54  4:32  Stalker  
  54  4:34  Probe  
  57  4:40  Probe  
  58  4:45  Pylon  
  58  4:49  Nexus  
  58  4:55  Probe x2  
  60  5:02  Assimilator  
  60  5:04  Shield Battery  
  60  5:05  Stalker  
  62  5:07  Stalker  
  62  5:11  Probe x2  
  66  5:15  Shield Battery  
  66  5:17  Pylon  
  66  5:24  Probe  
  66  5:26  Probe  
  68  5:29  Stalker  
  68  5:30  Gateway  
  68  5:33  Stalker  
  72  5:36  Probe  
  72  5:39  Gateway  
  72  5:41  Probe  
  74  5:44  Shield Battery  
  74  5:51  Robotics Facility  
  74  5:52  Probe  
  74  5:53  Probe  
  74  5:56  Stalker  
  78  6:02  Probe (Chrono Boost)  
  79  6:05  Dark Shrine  
  79  6:06  Probe (Chrono Boost)  
  79  6:08  Probe (Chrono Boost), Protoss Ground Weapons Level 2 (Chrono Boost)  
  81  6:14  Probe (Chrono Boost)  
  84  6:22  Probe x3 (Chrono Boost)  
  85  6:28  Probe, Pylon, Charge  
  85  6:29  Probe  
  85  6:30  Probe  
  88  6:36  Stalker x2  
  88  6:37  Assimilator  
  88  6:39  Warp Prism (Chrono Boost)  
  91  6:40  Probe  
  91  6:41  Probe  
  91  6:42  Assimilator  
  95  6:48  Gateway  
  95  6:50  Gateway  
  95  6:52  Probe  
  95  6:53  Probe x2  
  98  6:54  Pylon  
  98  7:06  Stalker  
  98  7:07  Pylon  
  98  7:08  Observer  
  101  7:12  Nexus, Pylon  
  101  7:13  Pylon  
  101  7:18  Dark Templar x2  
  105  7:25  Stalker  
  107  7:31  Gateway  
  107  7:32  Gateway  
  107  7:33  Stalker  
  107  7:34  Shield Battery  
  109  7:45  Shield Battery  
  109  7:53  Immortal  
  109  7:56  Probe x3  
  109  7:58  Dark Templar, Stalker x2  
  122  8:00  Photon Cannon  
  122  8:08  Zealot x2, Dark Templar  
  122  8:10  Gateway  
  126  8:13  Gateway  
  126  8:17  Probe x3, Protoss Ground Weapons Level 3 (Chrono Boost)  
  127  8:22  Stalker x2  
  127  8:25  Shadow Stride (Chrono Boost)  
  131  8:28  Shield Battery  
  131  8:29  Photon Cannon  
  131  8:35  Assimilator  
  131  8:37  Dark Templar  
  131  8:39  Assimilator  
  133  8:45  Probe x4, Immortal (Chrono Boost)  
  141  8:57  Stalker x3  
  141  9:00  Shield Battery  
  147  9:06  Pylon  
  147  9:08  Pylon  
  147  9:09  Pylon  
  147  9:19  Immortal (Chrono Boost)  
  141  9:32  Robotics Facility, Robotics Bay  
  141  9:33  Dark Templar x2  
  145  9:40  Stalker  
  145  9:41  Stalker, Shield Battery  
  145  9:42  Zealot x4  
  157  9:54  Dark Templar x2  
  157  9:59  Photon Cannon  
  160  10:04  Observer  
  160  10:07  Zealot x5, Photon Cannon  
  161  10:09  Nexus  
  170  10:27  Gravitic Boosters  
  164  10:30  Pylon x3  
  164  10:33  Archon  
  162  10:36  Disruptor x2 (Chrono Boost)  
  164  10:47  Phoenix x2, Pylon  
  164  10:48  Probe x4  
  164  10:49  Dark Templar  
  170  10:50  Dark Templar x2  
  170  10:52  Protoss Ground Armor Level 1 (Chrono Boost), Stalker  
  170  10:54  Assimilator  
  170  10:57  Disruptor x2  
  176  11:16  Dark Templar x2  
  178  11:18  Photon Cannon  
  178  11:19  Photon Cannon, Shield Battery  
  178  11:22  Photon Cannon  
  178  11:24  Photon Cannon  
  178  11:26  Photon Cannon  
  178  11:32  Disruptor  
  178  11:33  Dark Templar x2  
  178  11:35  Observer  
  184  11:59  Observer  
  180  12:09  Observer  
  180  12:10  Stalker x2  
  180  12:11  Stalker  
  181  12:24  Nexus  
  181  12:25  Stalker x5  
  191  12:31  Pylon  
  191  12:33  Assimilator  
  191  12:34  Disruptor x2  
  197  12:37  Assimilator  
  190  12:45  Stargate  
  190  12:46  Stalker  
  190  12:47  Zealot x3  
  198  12:56  Photon Cannon  
  198  12:57  Probe  
  198  12:58  Photon Cannon  
  199  13:00  Photon Cannon  
  199  13:01  Shield Battery  
  199  13:03  Shield Battery  
  177  13:42  Stalker x5  
  177  13:43  Stalker x3  
  179  13:55  Zealot x2  
  175  14:01  Fleet Beacon  
  175  14:02  Stargate  
  165  14:06  Gateway  
Tags
 
Add a new tag
Caveats
  • Supply blocks, unpowered buildings, or Contaminate may cause inaccurate times.
  • Supply counts are checked every 10 seconds.